 Dungeon Crawl Stone Soup version 0.24-a0-515-gbe7f5e2e8d (webtiles) character file.

Game seed: 10043643509991480694

272 Froggeryz the Chiller (level 6, 0/49 HPs)
             Began as a Naga Ice Elementalist on July 21, 2019.
             Slain by a howler monkey zombie (1 damage)
             ... on level 6 of the Dungeon.
             The game lasted 00:04:41 (2674 turns).

Froggeryz the Chiller (Naga Ice Elementalist)       Turns: 2674, Time: 00:04:42

Health: 0/49       AC:  4    Str: 10    XL:     6   Next: 23%
Magic:  4/9        EV:  9    Int: 22    God:
Gold:   120        SH:  3    Dex: 12    Spells: 8/9 levels left

rFire    . . .     SeeInvis +   d - +0 dagger
rCold    . . .     Gourm    .   g - +0 buckler
rNeg     . . .     Faith    .   a - +0 robe
rPois    +         Spirit   .   (no helmet)
rElec    .         Reflect  .   (no cloak)
rCorr    .         Harm     .   l - +0 pair of gloves
MR       .....                  (no barding)
Stlth    ++........             (no amulet)
HPRegen  0.16/turn              (no ring)
MPRegen  0.11/turn              (no ring)

@: brilliant, short of breath, very slow
A: large, see invisible, deformed body, poison resistance, slowness 2, slow
metabolism 1, spit poison 1, AC +2
a: Spit Poison


You were on level 6 of the Dungeon.
You were hungry.

You visited 1 branch of the dungeon, and saw 4 of its levels.

You collected 120 gold pieces.

Inventory:

Hand Weapons
 d - a +0 dagger (weapon)
Armour
 a - a +0 robe (worn)
 g - a +0 buckler (worn)
 l - a +0 pair of gloves (worn)
Scrolls
 b - 2 scrolls of fog
 f - 2 scrolls of remove curse
 h - 2 scrolls of identify
Potions
 e - 2 potions of flight
Comestibles
 c - 4 rations


   Skills:
 - Level 1.5 Dodging
 - Level 3.0 Stealth
 - Level 2.0 Spellcasting
   Level 1.0 Conjurations
 * Level 6.8 Ice Magic


You had 8 spell levels left.
You knew the following spells:

 Your Spells              Type           Power        Failure   Level  Hunger
a - Freeze                Ice            ####         1%          1    #......

Your spell library contained the following spells:

 Spells                   Type           Power        Failure   Level  Hunger
 Throw Frost              Conj/Ice       ####..       1%          2    ##.....
 Ozocubu's Armour         Chrm/Ice       ####....     2%          3    ###....
 Throw Icicle             Conj/Ice       ####....     5%          4    #####..
 Summon Ice Beast         Ice/Summ       ####....     7%          4    #####..


Dungeon Overview and Level Annotations

Branches:
Dungeon (3/15)

Altars:
Ashenzari


Innate Abilities, Weirdness & Mutations

You cannot wear boots.
Your serpentine skin is tough. (AC +2)
You have supernaturally acute eyesight. (SInv)
Armour fits poorly on your strangely shaped body.
Your system is resistant to poisons. (rPois)
You cover ground very slowly.
You have a slow metabolism.
You can spit poison.


Message History

Aim: a worker ant (lightly wounded)
You freeze the worker ant!
The worker ant is severely wounded.
The howler monkey zombie barely misses you.
The worker ant closely misses you.
Casting: Freeze (safe; 1% risk of failure)
Confirm with . or Enter, or press ? or * to list all spells.
Aiming: Freeze (safe; 1% risk of failure)
Press: ? - help, Shift-Dir - straight line, f/p - worker ant
Aim: a worker ant (severely wounded)
You freeze the worker ant!
You kill the worker ant!
The howler monkey zombie hits you.
* * * LOW HITPOINT WARNING * * *
Okay, then.
Okay, then.
You hit the howler monkey zombie.
The howler monkey zombie is heavily damaged.
The howler monkey zombie hits you.
You die...

#...#.............>.....#
#..##..................#
###.#..................#
#.............###....#
##.#..........##.....#
###.#.......#.......#
####..)...###....##
###.Z[## ###### #..@)#
#.....# ##..### ##.# ###


You could see a howler monkey zombie.

Vanquished Creatures
  A bullfrog (D:6)
  Jessica (D:2)
  3 worker ants (D:6)
  A hound skeleton (D:6)
  A gnoll (D:1)
  2 adders (D:2)
  3 oozes
  2 dart slugs
  A leopard gecko (D:1)
  5 orcs (D:6)
  3 ball pythons
  4 bats
  3 giant cockroaches
  6 goblins
  6 hobgoblins
  2 quokkas (D:2)
  A frilled lizard (D:1)
  3 kobolds
  A quokka skeleton (D:6)
  5 rats
54 creatures vanquished.

Notes
Turn   | Place    | Note
-------+----------+-------------------------------------------
     0 | D:1      | Froggeryz the Naga Ice Elementalist began the quest for the
                  | Orb.
     0 | D:1      | Reached XP level 1. HP: 15/15 MP: 3/3
   139 | D:1      | Reached XP level 2. HP: 4/22 MP: 0/5
   668 | D:1      | Reached skill level 4 in Ice Magic
   668 | D:1      | Reached XP level 3. HP: 25/28 MP: 2/6
  1847 | D:2      | Reached XP level 4. HP: 32/36 MP: 4/7
  1949 | D:2      | Noticed Jessica
  1955 | D:2      | Killed Jessica
  1955 | D:2      | Reached skill level 5 in Ice Magic
  2114 | D:2      | Found a shattered altar of Ashenzari.
  2285 | D:2      | Reached XP level 5. HP: 36/42 MP: 5/8
  2552 | D:3      | You fall into a shaft and drop 3 floors!
  2621 | D:6      | HP: 2/42 [hound skeleton (3)]
  2649 | D:6      | Reached skill level 6 in Ice Magic
  2649 | D:6      | Reached XP level 6. HP: 37/49 MP: 6/9
  2671 | D:6      | HP: 2/49 [worker ant (5)]
  2674 | D:6      | Slain by a howler monkey zombie

Levels and vault maps discovered:
D:1:      eino_arrival_tree_alley, layout_basic
D:2:      layout_basic, marbit_many_paths, first_ration, moated_statue,
          uniq_jessica
D:3:      layout_basic, nicolae_gozag_cash_rules_everything_around_me,
          gammafunk_ghost_nasty_kobolds
D:6:      layout_cave_pools, minmay_temple_entry_tees,
          minmay_misc_feat_enclosed, minivault_4

Skill      XL: |  1  2  3  4  5 |
---------------+----------------+-----
Ice Magic      | 4 5 6 |  6.8
Dodging        | |  1.5
Stealth        | |  3.0
Spellcasting   | |  2.0
Conjurations   | |  1.0

Action                   |  1- 3 |  4- 6 || total
-------------------------+-------+-------++-------
Melee: Dagger            |    76 |    83 ||   159
       Unarmed           |     3 |       ||     3
 Cast: Freeze            |    26 |    20 ||    46
 Abil: Spit Poison       |     6 |     6 ||    12
  Use: Scroll            |       |     4 ||     4
       Potion            |       |     4 ||     4
 Stab: Sleeping          |     5 |     2 ||     7
  Eat: Chunk             |     1 |     4 ||     5
Armor: Robe              |    16 |    27 ||    43
       Skin              |       |    84 ||    84
Dodge: Dodged            |    51 |    49 ||   100
Block: Buckler           |     2 |    18 ||    20

Table legend:
 A = Non-vault XP
 B = Vault XP
 C = Vault XP percentage of total XP
 D = Non-vault monster count
 E = Vault monster count
 F = Vault count percentage of total count
                 A         B        C        D         E       F
            +---------+---------+-------+---------+---------+-------
      Total |     350 |      39 |  10.0 |      52 |       2 |   3.7
            +---------+---------+-------+---------+---------+-------
        D:1 |      66 |       0 |   0.0 |      25 |       0 |   0.0
        D:2 |      60 |      39 |  39.4 |      16 |       2 |  11.1
        D:6 |     224 |       0 |   0.0 |      11 |       0 |   0.0
            +---------+---------+-------+---------+---------+-------
